Map: Orbital Shipyard

Players

Dunmer

  • Race: Terran Terran
  • League: Master

GuMiho - Winner!

  • Race: Terran Terran
  • League: Grandmaster

VOD

Have the link to the VOD?

Description

Time

  • Played on: Dec. 30, 2015, 6:24 p.m.
  • Length: 5:32
Show
View Real Time Build Order
Export as new Build Order

Dunmer Terran 

Build Orders: 1/1/1 

Get SALT Encoding   

  12  0:01  SCV  
  13  0:13  SCV  
  14  0:18  Supply Depot  
  14  0:30  SCV  
  14  0:32  Refinery  
  15  0:42  SCV  
  16  0:45  Barracks  
  16  0:54  SCV  
  17  1:06  SCV  
  18  1:20  SCV  
  19  1:34  Marine, Orbital Command  
  19  1:35  Factory  
  19  1:37  Supply Depot  
  20  1:44  Refinery  
  20  1:52  Marine  
  21  2:02  SCV  
  22  2:09  Marine  
  22  2:20  Starport  
  22  2:22  Factory Tech Lab  
  22  2:23  SCV  
  22  2:27  Marine  
  24  2:35  SCV  
  24  2:36  Supply Depot  
  25  2:41  Siege Tank  
  28  2:45  Marine  
  28  2:47  SCV  
  30  2:58  Viking  
  32  2:59  SCV  
  32  3:03  Marine  
  34  3:06  Supply Depot  
  34  3:31  Marine  
  35  3:34  Siege Tank  
  35  3:35  Viking  
  35  3:37  SCV  
  41  3:43  Engineering Bay  
  41  3:44  Supply Depot  
  41  3:49  SCV  
  41  3:53  Marine  
  43  4:01  SCV  
  44  4:07  Siege Tank  
  47  4:10  Viking  
  47  4:11  Marine  
  47  4:16  Missile Turret  
  50  4:20  SCV  
  51  4:26  Supply Depot  
  51  4:32  SCV  
  52  4:47  Marine  
  52  4:48  Missile Turret  
  48  4:58  Siege Tank  
  48  5:05  Marine  
Show
View Real Time Build Order
Export as new Build Order

GuMiho Terran - Winner!

Build Orders: Reaper Expand 

Get SALT Encoding   

  12  0:00  SCV  
  13  0:12  SCV  
  14  0:18  Supply Depot  
  14  0:24  SCV  
  15  0:40  SCV, Barracks  
  16  0:46  Refinery  
  16  0:52  SCV  
  17  1:04  SCV  
  18  1:16  SCV  
  19  1:28  Orbital Command  
  19  1:29  Reaper  
  20  1:42  Command Center  
  20  1:47  Supply Depot  
  20  1:55  SCV  
  20  2:01  Marine  
  21  2:06  Factory  
  22  2:08  SCV  
  23  2:16  Refinery  
  23  2:19  Marine  
  23  2:20  SCV  
  25  2:33  SCV  
  25  2:36  Marine  
  27  2:45  SCV  
  27  2:51  Hellion  
  30  2:52  Starport  
  30  2:55  Barracks Reactor  
  30  2:59  SCV  
  30  3:00  Orbital Command  
  31  3:11  SCV  
  32  3:13  Factory Tech Lab  
  32  3:23  SCV  
  32  3:24  Supply Depot  
  33  3:30  Viking  
  33  3:33  Marine x2  
  36  3:34  Siege Tank  
  36  3:36  SCV x2  
  41  3:44  Supply Depot  
  41  3:48  SCV x2  
  42  3:50  Barracks  
  42  3:54  Barracks  
  43  4:00  Marine x2  
  43  4:02  Starport Reactor  
  45  4:04  SCV x2  
  45  4:08  Siege Tank  
  50  4:15  Supply Depot  
  50  4:16  SCV  
  51  4:18  SCV, Refinery  
  51  4:20  Marine  
  51  4:22  Marine  
  54  4:28  SCV  
  54  4:30  SCV  
  56  4:31  Supply Depot  
  56  4:38  Marine  
  56  4:41  Barracks Tech Lab  
  56  4:42  Barracks Tech Lab  
  58  4:48  Viking x2  
  58  4:50  SCV x2  
  60  4:59  Marine x2  
  60  5:00  Refinery  
  60  5:02  SCV x2  
  61  5:08  Marine x2  
  62  5:17  SCV x2  
  62  5:19  Engineering Bay  
Tags
 
Add a new tag
Caveats
  • Supply blocks, unpowered buildings, or Contaminate may cause inaccurate times.
  • Supply counts are checked every 10 seconds.